 Dungeon Crawl Stone Soup version 0.31.0-12-g77e489cdc1 (console) character file.

Game seed: 6872578837181716299

18489 Banquo the Fighter (level 12, -1/96 HPs)
             Began as a Djinni Air Elementalist on Feb 13, 2024.
             Was an Initiate of Gozag.
             Slain by a skyshark (5 damage)
             ... on level 3 of the Lair of Beasts on Feb 15, 2024.
             The game lasted 00:53:09 (17180 turns).

Banquo the Fighter (Djinni Air Elementalist)       Turns: 17180, Time: 00:53:09

Health: -1/96      AC:  4    Str:  7    XL:     12   Next: 95%
Gold:   927        EV: 15    Int: 23    God:    Gozag SH:  0 Dex: 13

rFire   + + +        g - staff of death
rCold   + + .        (no shield)
rNeg    + . .        d - +0 robe
rPois   ∞            h - +0 helmet
rElec   +            e - +0 cloak
rCorr   +            (no gloves)
SInv    .            (boots unavailable)
Will    +....        u - amulet of the acrobat
Stlth   ++           C - ring of protection from cold
HPRegen 0.36/turn    i - ring of protection from cold
MPRegen 0.00/turn

%: acrobat, infuse magic (-2 HP)
@: mighty, brilliant, resistant, gold aura, flying
A: sickness immunity, fire resistance 2, cold vulnerability 1, float, innate
caster, HP casting, extra vitality 1
a: Renounce Religion, Potion Petition, Call Merchant, Bribe Branch


You were on level 3 of the Lair of Beasts.
You worshipped Gozag.
Gozag was pleased with you.
You visited 3 branches of the dungeon, and saw 14 of its levels.

You collected 2808 gold pieces.
You paid 1881 gold pieces to Gozag.

Inventory:

Hand Weapons
 a - a +1 dagger of speed
 p - a +1 spectral short sword
 q - a +0 spear of flaming
 y - a +0 dagger of protection
 E - a +1 war axe of freezing
 H - a +0 trident of venom
 L - a +1 short sword of draining
 O - a +2 scimitar of holy wrath
Missiles
 c - 121 stones
 A - a throwing net
Armour
 d - a +0 robe (worn)
 e - a +0 cloak (worn)
 h - a +0 helmet (worn)
Magical Staves
 g - a staff of death (weapon)
Jewellery
 i - a ring of protection from cold (right hand)
 k - a ring of protection from cold
 u - an amulet of the acrobat (around neck)
 B - the ring of Mexoegecw {rN+ rCorr}
   (You found it on level 6 of the Dungeon)

   [ring of resist corrosion]

   rN+:       It protects you from negative energy.
   rCorr:     It protects you from acid and corrosion.
 C - a ring of protection from cold (left hand)
Wands
 j - a wand of flame (58)
 t - a wand of roots (20)
 P - a wand of quicksilver (3)
Scrolls
 b - 5 scrolls of revelation {unknown}
 f - a scroll of blinking
 l - 4 scrolls of teleportation
Potions
 m - 3 potions of might
 n - a potion of resistance {unknown}
 r - a potion of berserk rage
 s - 7 potions of curing
 v - 6 potions of brilliance
 I - 4 potions of enlightenment
 N - a potion of cancellation
Miscellaneous
 G - a lightning rod (4/4)


   Skills:
 * Level 12.4 Fighting
 - Level 8.0 Dodging
 - Level 1.5 Stealth
 * Level 12.0 Spellcasting
 * Level 12.0 Conjurations
 * Level 12.0 Hexes
 * Level 12.0 Summonings
 * Level 12.0 Necromancy
 * Level 12.0 Translocations
 * Level 12.0 Fire Magic
 * Level 12.0 Ice Magic
 * Level 12.0 Air Magic
 * Level 12.0 Earth Magic
 * Level 12.0 Alchemy


You knew the following spells:

 Your Spells              Type           Power      Damage    Failure   Level
a - Shock                 Conj/Air       100%       1d9       1%          1
c - Mercury Vapours       Alch/Air       100%       N/A       1%          2
d - Static Discharge      Conj/Air       100%       3-8/arc   1%          2
e - Sandblast             Erth           100%       2d20      1%          1
f - Frozen Ramparts       Ice            100%       1d16      1%          3
v - Summon Mana Viper     Hex/Summ       80%        N/A       1%          5
z - Airstrike             Air            40%        2d(6-22)  1%          4
D - Vampiric Draining     Necr           100%       2d13      1%          3
M - Swiftness             Air            80%        N/A       1%          3
Your spell library was empty.

Dungeon Overview and Level Annotations

Branches:
Dungeon (10/15)            Temple (1/1) D:5            Lair (2/5) D:10
  Swamp: Lair:2-3    Shoals: Lair:2-3     Snake: Lair:2-3    Spider: Lair:2-3
    Orc: D:9-12

Altars:
Ashenzari
Cheibriados
Dithmenos
Elyvilon
Fedhas
Gozag
Hepliaklqana
Makhleb
Nemelex Xobeh
Okawaru
Qazlal
Ru
Trog
Uskayaw
Wu Jian
Xom
Yredelemnul
Zin
The Shining One

Shops:
D:6 [   D:10 [

Annotations:
Lair:3 Gastronok


Innate Abilities, Weirdness & Mutations

You are immune to sickness and miasma.
You are immune to poison.
Your flesh is very heat resistant. (rF++)
You are vulnerable to cold. (rC-)
You float through the air rather than walking.
You learn spells naturally, not from books.
Your magical power is your life essence.
You have superior vitality. (+4 MHP)


Message History

You no longer have enough gold to fund merchants seeking to open stores in the dungeon.
You feel much better.
You feel better.
You feel protected. The skyshark completely misses you.
The skyshark tail-slaps you. The skyshark misses you.
Your mana viper bites Gastronok!
Gastronok's magic leaks into the air.
The elephant tramples you!
* * * LOW HITPOINT WARNING * * *
You hold your ground!
The elephant trunk-slaps you.
* * * LOW HITPOINT WARNING * * *
Unknown command.
Unknown command.
Blink to where?
Press: ? - help, Dir - move target, p - skyshark
As you read the scroll of blinking, it crumbles to dust.
You are confused.
You feel invigorated.
The skyshark misses you. x2; The skyshark barely misses you.
Gastronok falters for a moment.
Unknown command.
The skyshark bites you. The skyshark tail-slaps you.
* * * LOW HITPOINT WARNING * * *
The skyshark completely misses you. x2; The skyshark barely misses you.
The skyshark misses you.
Unknown command.
You feel less invigorated.
You feel less confused.
The skyshark completely misses you. x2; The skyshark tail-slaps you!
* * * LOW HITPOINT WARNING * * *
The skyshark barely misses you. The skyshark completely misses you. x2
Unknown command.
Casting: Vampiric Draining (safe; 1% risk of failure)
Confirm with . or Enter, or press ? or * to list all spells.
You feel a surge of power!
A mana viper appears with a sibilant hiss.
* * * LOW HITPOINT WARNING * * *
The skyshark bites you!!
* * * LOW HITPOINT WARNING * * *
The skyshark tail-slaps you.
You die...
Your body crumbles into a pile of gold.

#..#.#....## #...
##.........##
##..
#....)....... ..#
#.....<>...... .
. #.........##..
. ###....##### ..
. #.S....# .
##.....##
##.@...# #.FF.##
... #.Y..# ##
....
#....##.###..#
##...........#
#............###
#P.w.........#.#.
##P..##.#........
#..Y....#.....§.


You could see Gastronok (magic disrupted), 2 skysharks, an elephant and a
friendly mana viper (summoned).

Vanquished Creatures
  A boulder beetle (Lair:3)
  2 black mambas
  3 cane toads
  A rime drake (Lair:3)
  5 komodo dragons
  11 blink frogs
  A troll (D:9)
  A shadow (D:9)
  A wyvern (Lair:1)
  26 yaks
  3 basilisks
  A steam dragon (D:7)
  An acid dragon (D:8)
  7 water moccasins
  3 orc warriors
  A black bear (D:8)
  3 ice beasts
  3 sky beasts
  An ogre (D:5)
  5 wolves (Lair:1)
  3 centaurs
  2 phantoms
  2 kobold brigands
  2 gnoll sergeants
  3 scorpions
  5 bullfrogs
  A wight (D:4)
  25 killer bees
  2 electric eels
  A bombardier beetle (D:5)
  A crimson imp (D:8)
  A gnoll bouda (D:8)
  A hound (D:5)
  4 orc priests
  2 sleepcaps (D:4)
  8 orc wizards
  An iguana (D:7)
  Ijyb (D:3)
  Robin (D:3)
  4 adders
  12 gnolls
  2 shadow imps
  2 dart slugs
  37 orcs
  A ball python (D:3)
  5 bats
  6 endoplasms
  4 giant cockroaches
  9 goblins
  9 hobgoblins
  2 jackals
  18 kobolds
  6 quokkas
  5 frilled lizards
  8 rats
276 creatures vanquished.

Vanquished Creatures (collateral kills)
  An elephant (Lair:3)
  2 cane toads
  An orange demon (Lair:3)
  2 blink frogs
  6 yaks (Lair:2)
  A wolf (Lair:1)
  A bullfrog (Lair:3)
14 creatures vanquished.

Vanquished Creatures (others)
  An orc wizard (D:7)
1 creature vanquished.

Grand Total: 291 creatures vanquished

Notes
Turn   | Place    | Note
-------+----------+-------------------------------------------
     0 | D:1      | Banquo the Djinni Air Elementalist began the quest for the
                  | Orb.
     0 | D:1      | Banquo set off with the following spells memorised: Shock,
                  | Static Discharge, Swiftness, Airstrike.
     0 | D:1      | Reached XP level 1. HP: 15/15 MP: 0/0
    83 | D:1      | Reached XP level 2. HP: 20/22 MP: 0/0
   108 | D:1      | Reached skill level 1 in Fighting
   255 | D:1      | Reached XP level 3. HP: 26/27 MP: 0/0
   255 | D:1      | Learned a level 1 spell: Sandblast
   823 | D:2      | Reached XP level 4. HP: 27/33 MP: 0/0
   844 | D:2      | Found a faded altar of an unknown god.
  1089 | D:2      | Reached XP level 5. HP: 36/39 MP: 0/0
  1089 | D:2      | Learned a level 2 spell: Mercury Vapours
  1768 | D:3      | Noticed Ijyb
  1927 | D:3      | Found an iron altar of Okawaru.
  2027 | D:3      | Killed Ijyb
  2109 | D:3      | Found an opulent altar of Gozag.
  2123 | D:3      | Became a worshipper of Gozag Ym Sagoz the Greedy
  2533 | D:3      | Found an iron altar of Okawaru.
  2676 | D:3      | Noticed Robin
  2679 | D:3      | Killed Robin
  2694 | D:3      | Found an opulent altar of Gozag.
  2887 | D:4      | Noticed a water moccasin
  2945 | D:4      | Reached XP level 6. HP: 42/46 MP: 0/0
  3102 | D:4      | Found a large runed translucent door.
  3107 | D:4      | Found a large runed translucent door.
  3107 | D:4      | You are sucked into a shaft and drop 3 floors!
  3110 | D:7      | Noticed a water moccasin
  3124 | D:7      | Killed a water moccasin
  3125 | D:7      | Reached XP level 7. HP: 31/51 MP: 0/0
  3125 | D:7      | Learned a level 3 spell: Frozen Ramparts
  3340 | D:7      | Noticed a steam dragon
  3355 | D:6      | Reached skill level 5 in Spellcasting
  3355 | D:6      | Reached skill level 5 in Conjurations
  3355 | D:6      | Reached skill level 5 in Hexes
  3355 | D:6      | Reached skill level 5 in Summonings
  3355 | D:6      | Reached skill level 5 in Necromancy
  3355 | D:6      | Reached skill level 5 in Translocations
  3355 | D:6      | Reached skill level 5 in Fire Magic
  3355 | D:6      | Reached skill level 5 in Ice Magic
  3355 | D:6      | Reached skill level 5 in Air Magic
  3355 | D:6      | Reached skill level 5 in Earth Magic
  3355 | D:6      | Reached skill level 5 in Alchemy
  3417 | D:5      | Entered Level 5 of the Dungeon
  3670 | D:4      | Noticed a yak
  3844 | D:4      | Found a large runed translucent door.
  3844 | D:4      | Found a large runed translucent door.
  4062 | D:4      | Reached XP level 8. HP: 51/58 MP: 0/0
  4248 | D:4      | Reached skill level 5 in Fighting
  4403 | D:4      | Reached skill level 5 in Dodging
  5391 | D:4      | Found a large runed translucent door.
  5391 | D:4      | Found a large runed translucent door.
  5837 | D:4      | Killed a yak
  5840 | D:4      | Reached XP level 9. HP: 43/66 MP: 0/0
  5840 | D:4      | Learned a level 3 spell: Vampiric Draining
  5959 | D:5      | Found a staircase to the Ecumenical Temple.
  5965 | Temple   | Entered the Ecumenical Temple
  6281 | D:5      | Found a broken altar of Ashenzari.
  6628 | D:5      | Found a sacrificial altar of Ru.
  6628 | D:5      | Found a blossoming altar of Fedhas.
  7031 | D:6      | Identified the ring of Mexoegecw {rN+ rCorr}
  7195 | D:6      | Found Ehyg's Antique Armour Boutique.
  8931 | D:8      | Reached XP level 10. HP: 67/75 MP: 0/0
 10615 | D:8      | Found a burning altar of Makhleb.
 11829 | D:10     | Entered Level 10 of the Dungeon
 11926 | D:10     | Reached XP level 11. HP: 61/84 MP: 0/0
 11926 | D:10     | Learned a level 5 spell: Summon Mana Viper
 13166 | D:10     | Found a staircase to the Lair.
 13596 | Lair:1   | Entered Level 1 of the Lair of Beasts
 13894 | Lair:1   | Reached skill level 10 in Fighting
 14353 | Lair:1   | Reached skill level 10 in Spellcasting
 14353 | Lair:1   | Reached skill level 10 in Conjurations
 14353 | Lair:1   | Reached skill level 10 in Hexes
 14353 | Lair:1   | Reached skill level 10 in Summonings
 14353 | Lair:1   | Reached skill level 10 in Necromancy
 14353 | Lair:1   | Reached skill level 10 in Translocations
 14353 | Lair:1   | Reached skill level 10 in Fire Magic
 14353 | Lair:1   | Reached skill level 10 in Ice Magic
 14353 | Lair:1   | Reached skill level 10 in Air Magic
 14353 | Lair:1   | Reached skill level 10 in Earth Magic
 14353 | Lair:1   | Reached skill level 10 in Alchemy
 15284 | Lair:1   | Reached XP level 12. HP: 48/94 MP: 0/0
 16837 | Lair:2   | You are sucked into a shaft and drop 1 floor!
 16844 | Lair:3   | Noticed a boulder beetle
 16855 | Lair:3   | Killed a boulder beetle
 17151 | Lair:3   | Noticed Gastronok
 17156 | Lair:3   | Noticed a skyshark
 17160 | Lair:3   | Noticed a skyshark
 17171 | Lair:3   | HP: 4/96 [elephant (2)]
 17180 | Lair:3   | HP: 4/96 [skyshark (18)]
 17180 | Lair:3   | Slain by a skyshark

Illustrated notes

Levels and vault maps discovered:
D:1:      matt_arrival_grand_opening, layout_rooms, st_stairs_2
D:2:      layout_loops_ring, ebering_ecumenical_altar_mist
D:3:      layout_basic, nicolae_gozag_cash_rules_everything_around_me,
          hellmonk_okawaru_the_only_friend_you_need, nicolae_goblin_pals
D:4:      layout_loops_ring, minmay_hollow_rounded_squares
D:5:      layout_loops_corners, amcnicky_altar_gilded,
          cheibrodos_ashenzari_chains, gammafunk_temple_overflow_wave,
          minmay_temple_entry_enclosed_plants, st_stairs_6,
          minmay_misc_feat_encased
D:6:      layout_loops_cross, serial_shops, nicolae_inconvenience_store,
          minivault_14, dreamdust_mushroom_princess
D:7:      layout_rooms
D:8:      layout_rooms, grunt_temple_overflow_lords_of_destruction
D:9:      layout_loops_corners
D:10:     layout_grid_maze, david_lair_shrubbed, hex_tiny
Temple:   nicolae_temple_superstar
Lair:1:   layout_cave_pods, serial_bayou_ford_a
Lair:2:   layout_chaotic_city, elwin_shoals_entry_rocks,
          guppyfry_snake_entry_garden, nicolae_quartered_pool_impasse,
          fungi_pond_lemuel, grunt_forest_stairs_basic
Lair:3:   layout_chaotic_city, gauntlet_entry_generic, nicolae_lair_lindhole,
          lemuel_fruit_tree, uniq_gastronok, uniq_amaemon

Skill      XL: |  1  2  3  4  5  6  7  8  9 10 11 12 |
---------------+-------------------------------------+-----
Fighting       | 1 2 3 4 5 7 9 11 12 | 12.4
Spellcasting   | 4 5 6 7 8 10 12 | 12.0
Conjurations   | 4 5 6 7 8 10 12 | 12.0
Hexes          | 4 5 6 7 8 10 12 | 12.0
Summonings     | 4 5 6 7 8 10 12 | 12.0
Necromancy     | 4 5 6 7 8 10 12 | 12.0
Translocations | 4 5 6 7 8 10 12 | 12.0
Fire Magic     | 4 5 6 7 8 10 12 | 12.0
Ice Magic      | 4 5 6 7 8 10 12 | 12.0
Air Magic      | 4 5 6 7 8 10 12 | 12.0
Earth Magic    | 4 5 6 7 8 10 12 | 12.0
Alchemy        | 4 5 6 7 8 10 12 | 12.0
Dodging        | 3 4 6 7 8 |  8.0
Stealth        | |  1.5

Action                     |  1- 3 |  4- 6 |  7- 9 | 10-12 || total
---------------------------+-------+-------+-------+-------++-------
  Melee: Dagger            |       |       |       |     1 ||     1
   Cast: Shock             |    76 |    91 |    63 |       ||   230
         Airstrike         |       |     1 |   105 |   298 ||   404
         Mercury Vapours   |       |     1 |       |     2 ||     3
         Frozen Ramparts   |       |       |     5 |     7 ||    12
         Vampiric Draining |       |       |       |    14 ||    14
         Swiftness         |       |       |       |     1 ||     1
         Static Discharge  |       |       |       |     1 ||     1
         Summon Mana Viper |       |       |       |    11 ||    11
 Invoke: Potion Petition   |       |       |     1 |     2 ||     3
         Call Merchant     |       |       |       |     1 ||     1
    Use: Scroll            |       |       |    13 |     9 ||    22
         Potion            |       |       |       |     3 ||     3
 Armour: Robe              |     5 |     9 |    15 |    58 ||    87
  Dodge: Dodged            |     7 |     6 |    24 |    51 ||    88
